 Dungeon Crawl Stone Soup version 0.21.1-1-g345015f (webtiles) character file.

265 letownia2 the Spear-Bearer (level 6, -1/44 HPs)
             Began as a Merfolk Gladiator on Feb 15, 2018.
             Killed from afar by an orc wizard (3 damage)
             ... with a magic dart
             ... on level 5 of the Dungeon.
             The game lasted 00:08:41 (1181 turns).

letownia2 the Spear-Bearer (Merfolk Gladiator)      Turns: 1181, Time: 00:08:41

Health: -1/44      AC:  6    Str: 14    XL:     6   Next: 20%
Magic:  6/6        EV: 13    Int:  9    God:
Gold:   140        SH:  0    Dex: 16    Spells: 5/5 levels left

rFire    . . .     SeeInvis .   a - +0 trident
rCold    . . .     Gourm    .   (no shield)
rNeg     . . .     Faith    .   r - +0 ring mail {MR+}
rPois    .         Spirit   .   c - +0 helmet
rElec    .         Reflect  .   (no cloak)
rCorr    .         Harm     .   (no gloves)
MR       +....                  (no boots)
Stlth    +.........             i - amulet of regeneration
HPRegen  0.54/turn              (no ring)
MPRegen  0.10/turn              (no ring)

@: no status effects
A: change form in water, swift swim, stealthy swim
a: no special abilities


You were on level 5 of the Dungeon.
You were not hungry.

You visited 1 branch of the dungeon, and saw 5 of its levels.

You collected 140 gold pieces.

Inventory:

Hand Weapons
 a - a +0 trident (weapon)
 b - the +1 flail "Leviticus" {crush, +Rage +Inv rElec Str-2}
   (You found it on level 5 of the Dungeon)

   It inflicts extra damage upon your enemies.
   It affects your strength (-2).
   It insulates you from electricity.
   It lets you turn invisible.
   It lets you go berserk.
 o - a +3 hunting sling
 q - a +0 arbalest
Missiles
 d - 5 throwing nets (quivered)
Armour
 c - a +0 helmet (worn)
 r - a +0 ring mail of magic resistance (worn)
 t - a +0 leather armour
Jewellery
 i - an amulet of regeneration (around neck)
Wands
 l - a wand of flame (6)
 m - a wand of disintegration (10)
 p - a wand of digging (14)
Scrolls
 h - 2 scrolls of teleportation {unknown}
 n - a scroll of identify {unknown}
Potions
 e - 2 potions of agility {unknown}
 g - a potion of brilliance {unknown}
 j - a potion of degeneration {unknown}
 k - a potion of haste {unknown}
Comestibles
 f - 2 rations
 s - 3 chunks of flesh


   Skills:
 - Level 2.1 Fighting
 + Level 9.7 Polearms
 - Level 2.0 Throwing
 - Level 4.0 Dodging


You had 5 spell levels left.
You didn't know any spells.

Dungeon Overview and Level Annotations

Branches:
Dungeon (5/15)
 Temple: D:4-7

Altars:

Annotations:
D:4 Quirk's ghost, amateur GnFi


Message History

The orc wizard is in the way.
You hit the orc wizard.
The orc wizard is lightly wounded.
The orc priest calls down the wrath of Beogh upon you.
Beogh smites you!
* * * LOW HITPOINT WARNING * * *
The orc wizard closely misses you. The worm barely misses you.
Unknown command.
Unknown command.
Attack whom?
Press: ? - help, Dir - move target cursor, f/p - orc priest
Aim: an orc priest, wielding a trident (almost dead)
You reach to attack!
You puncture the orc priest!
You kill the orc priest!
The orc wizard mumbles some strange words.
The orc wizard seems to speed up.
The orc hits you but does no damage.
Unknown command.
Unknown command.
The orc wizard gestures at you while chanting.
The magic dart hits you!
You die...

#.................
#................. # ##
#...# #....##+####
##.##.##...###....##....#
....J..............'.....
...................#.....
......o............#.....
......o.w..........#.....
.....)o.@..........#.....
...##...##..####..#####.#
# #######..####..##.##.#
#...........#.....#...
#...........#.....#...
#...........#.....#...
#...........#.....#...
#...........'.....#...
#...........#.....#...


You could see a worm, a jelly, an orc wizard and 2 orcs.

Vanquished Creatures
  A jelly (D:5)
  3 orc priests
  A hound (D:5)
  Ijyb (D:4)
  The ghost of letownia2 the Poker, a weakling MfGl (D:3)
  3 gnolls (D:4)
  2 adders (D:3)
  A worm (D:3)
  A dart slug (D:2)
  2 leopard geckos (D:3)
  An orc (D:4)
  2 giant cockroaches
  2 goblins (D:3)
  A hobgoblin (D:3)
  5 jackals
  2 bats
  A frilled lizard (D:1)
  5 kobolds
35 creatures vanquished.

Notes
Turn   | Place    | Note
-------+----------+-------------------------------------------
     0 | D:1      | letownia2 the Merfolk Gladiator began the quest for the Orb.
     0 | D:1      | Reached XP level 1. HP: 16/16 MP: 1/1
   167 | D:2      | Reached skill level 5 in Polearms
   167 | D:2      | Reached XP level 2. HP: 18/22 MP: 2/2
   254 | D:3      | Reached skill level 6 in Polearms
   254 | D:3      | Reached XP level 3. HP: 19/27 MP: 3/3
   280 | D:4      | Noticed Quirk's ghost (amateur GnFi)
   386 | D:3      | Noticed letownia2's ghost (weakling MfGl)
   544 | D:3      | Killed letownia2's ghost
   570 | D:3      | Reached skill level 7 in Polearms
   570 | D:3      | Reached XP level 4. HP: 33/33 MP: 4/4
   583 | D:4      | Noticed Ijyb
   596 | D:4      | Killed Ijyb
   741 | D:4      | Reached skill level 8 in Polearms
   741 | D:4      | Reached XP level 5. HP: 23/38 MP: 5/5
   871 | D:5      | Entered Level 5 of the Dungeon
   976 | D:4      | Reached skill level 9 in Polearms
   985 | D:4      | Reached XP level 6. HP: 44/44 MP: 6/6
  1092 | D:5      | Got an encrusted flail
  1100 | D:5      | Identified the +1 flail "Leviticus" {crush, +Rage +Inv rElec Str-2} (You found it on level 5 of the Dungeon)
  1179 | D:5      | HP: 1/44 [orc priest/divine providence (13)]
  1181 | D:5      | Killed from afar by an orc wizard

Skill      XL: |  1  2  3  4  5 |
---------------+----------------+-----
Polearms       | 5 6 7 8 9 |  9.7
Fighting       | |  2.1
Throwing       | |  2.0
Dodging        | |  4.0

Action                   |  1- 3 |  4- 6 || total
-------------------------+-------+-------++-------
Melee: Trident           |   114 |    82 ||   196
Evoke: Wand              |       |    10 ||    10
 Stab: Sleeping          |     2 |     1 ||     3
  Eat: Chunk             |       |     1 ||     1
Armor: Leather armour    |    15 |     4 ||    19
       Ring mail         |       |    11 ||    11
Dodge: Dodged            |    56 |    26 ||    82
